 Dungeon Crawl Stone Soup version 0.24.0-123-gd5b16e6ec5 (webtiles) character file.

Game seed: 7643689655236620360, levelgen mode: deterministic

932 Brozuf the Slasher (level 7, -5/57 HPs)
             Began as a Red Draconian Fighter on Dec 29, 2019.
             Was an Initiate of Gozag.
             Killed by nerve-wracking pain
             ... invoked by Grinder
              (8 damage)
             ... on level 5 of the Dungeon.
             The game lasted 00:13:26 (6463 turns).

Brozuf the Slasher (Red Draconian Fighter)          Turns: 6463, Time: 00:13:26

Health: -5/57      AC:  7    Str: 25    XL:     7   Next: 86%
Magic:  7/7        EV: 12    Int:  8    God:    Gozag
Gold:   285        SH: 10    Dex: 11    Spells: 6/6 levels left

rFire    + . .     SeeInvis .   a - +0 long sword
rCold    . . .     Gourm    .   b - +0 shield
rNeg     . . .     Faith    .   (armour unavailable)
rPois    .         Spirit   .   (helmet restricted)
rElec    .         Reflect  .   (no cloak)
rCorr    .         Harm     .   o - +0 pair of gloves
MR       .....                  (no boots)
Stlth    +.........             (no amulet)
HPRegen  0.19/turn              (no ring)
MPRegen  0.10/turn              (no ring)

@: mighty, slowed, very slow
A: breathe fire, unfitting armour, fire resistance 1, cold-blooded, AC +6
a: Breathe Fire, Potion Petition, Call Merchant, Bribe Branch, Renounce Religion


You were on level 5 of the Dungeon.
You worshipped Gozag.
Gozag was aware of your devotion.
You were not hungry.

You visited 2 branches of the dungeon, and saw 6 of its levels.

You collected 342 gold pieces.
You paid 57 gold pieces to Gozag.

Inventory:

Hand Weapons
 a - a +0 long sword (weapon)
 u - a +0 hunting sling
   (You found it on level 5 of the Dungeon)
Missiles
 d - 151 stones (quivered)
 i - 53 sling bullets
Armour
 b - a +0 shield (worn)
 o - a +0 pair of gloves (worn)
   (You found it on level 3 of the Dungeon)
Jewellery
 p - an uncursed amulet of the acrobat
   (You took it off a hobgoblin on level 3 of the Dungeon)
 v - an uncursed amulet of magic regeneration {unknown}
   (You found it on level 5 of the Dungeon)
Scrolls
 j - 3 scrolls of teleportation {unknown}
 k - 2 scrolls of amnesia {unknown}
 m - 3 scrolls of identify {unknown}
 n - 2 scrolls of remove curse {unknown}
 s - a scroll of magic mapping {unknown}
 t - a scroll of blinking {unknown}
Potions
 f - a potion of cancellation {unknown}
 g - 2 potions of heal wounds {unknown}
 h - a potion of invisibility {unknown}
 l - 3 potions of curing {@q1}
 q - a potion of lignification {unknown}
 r - a potion of mutation {unknown}
Comestibles
 e - 7 rations {!d}


   Skills:
 - Level 3.2 Fighting
 * Level 6.7 Long Blades
 + Level 4.9 Dodging
 + Level 5.3 Shields


You had 6 spell levels left.
You didn't know any spells.
Your spell library was empty.

Dungeon Overview and Level Annotations

Branches:
Dungeon (5/15)             Temple (1/1) D:4

Altars:
Ashenzari
Cheibriados
Dithmenos
Elyvilon
Fedhas
Gozag
Hepliaklqana
Makhleb
Nemelex Xobeh
Okawaru
Qazlal
Ru
Sif Muna
Trog
Uskayaw
Vehumet
Wu Jian
Xom
Zin
The Shining One

Annotations:
D:3 exclusion: 2 downstairs, Sigmund
D:5 exclusion: ice beast, Grinder


Innate Abilities, Weirdness & Mutations

You can breathe blasts of fire.
Your fiery red scales are hard. (AC +6)
You cannot fit into any form of body armour.
Your flesh is heat resistant. (rF+)
You are cold-blooded and may be slowed by cold attacks.


Message History

* * * LOW HITPOINT WARNING * * *
The ice beast closely misses you.
Okay, then.
You feel very mighty all of a sudden. Grinder hits you!
* * * LOW HITPOINT WARNING * * *
You writhe in agony.
* * * LOW HITPOINT WARNING * * *
The ice beast closely misses you.
Unknown command.
Unknown command.
Unknown command.
Unknown command.
Unknown command.
Unknown command.
Unknown command.
You closely miss Grinder.
Grinder blinks!
The ice beast hits you.
* * * LOW HITPOINT WARNING * * *
The ice beast freezes you!
You feel yourself slow down.
* * * LOW HITPOINT WARNING * * *
Unknown command.
Unknown command.
Unknown command.
Unknown command.
Unknown command.
Unknown command.
Unknown command.
Unknown command.
Unknown command.
Unknown command.
Unknown command.
Unknown command.
Unknown command.
Unknown command.
Unknown command.
Unknown command.
Unknown command.
Unknown command.
Unknown command.
Unknown command.
Unknown command.
Unknown command.
Unknown command.
Unknown command.
Unknown command.
Grinder gestures at you. Pain shoots through your body!
You die...
Your body crumbles into a pile of gold.

.# #.##..........# #... .#
#.##..........# #... .#
#.##..........### #... .#
#.##..........#.# #... .#
#.##..........#.# #... .#
#..'..........'.# #... .#
########..........#.# #...
.######.....#############.#######
<.............5.@Y.).).).........
.######.....#############.####.##
.# ####### #.# #.#
.################### #.# #.#
...................######.# #.#
..........................####.##
...................#####.........
...################# #.......#.
...# ##.####.#.


You could see Grinder and an ice beast.

Vanquished Creatures
  Pikel (D:5)
  A sky beast (D:5)
  A crimson imp (D:5)
  A bullfrog zombie (D:5)
  A hound (D:4)
  A jelly (D:2)
  An orc wizard (D:5)
  Jessica (D:3)
  2 hound zombies (D:5)
  A gnoll (D:1)
  6 adders
  An ooze (D:1)
  A worm (D:1)
  3 dart slugs
  3 leopard geckos
  13 orcs
  2 giant cockroaches
  11 goblins
  9 hobgoblins
  11 jackals
  11 kobolds
  3 quokkas
  8 bats
  10 rats
103 creatures vanquished.

Vanquished Creatures (others)
  2 slaves (D:5)
2 creatures vanquished.

Grand Total: 105 creatures vanquished

Notes
Turn   | Place    | Note
-------+----------+-------------------------------------------
     0 | D:1      | Brozuf the Draconian Fighter began the quest for the Orb.
     0 | D:1      | Reached XP level 1. HP: 19/19 MP: 1/1
   212 | D:1      | Reached XP level 2. HP: 22/26 MP: 2/2
   716 | D:1      | Reached XP level 3. HP: 10/31 MP: 3/3
   945 | D:1      | Reached skill level 3 in Long Blades
  1891 | D:2      | Reached XP level 4. HP: 38/38 MP: 4/4
  2207 | D:2      | Found a snail-covered altar of Cheibriados.
  2453 | D:3      | Noticed Sigmund
  2855 | D:3      | Noticed Jessica
  3067 | D:3      | Killed Jessica
  3067 | D:3      | Reached skill level 4 in Long Blades
  3067 | D:3      | Reached XP level 5. HP: 44/45 MP: 5/5
  3151 | D:3      | Found an iron altar of Okawaru.
  3497 | D:4      | Noticed an ogre
  4219 | D:4      | Found a staircase to the Ecumenical Temple.
  4228 | Temple   | Entered the Ecumenical Temple
  4317 | Temple   | Became a worshipper of Gozag Ym Sagoz the Greedy
  4573 | D:4      | Found a white marble altar of Elyvilon.
  4573 | D:4      | Found a glowing golden altar of the Shining One.
  4574 | D:4      | Found a blossoming altar of Fedhas.
  4678 | D:5      | Entered Level 5 of the Dungeon
  4678 | D:5      | Noticed a sky beast
  4693 | D:5      | Killed a sky beast
  4693 | D:5      | Reached skill level 5 in Long Blades
  4693 | D:5      | Reached XP level 6. HP: 16/51 MP: 6/6
  5090 | D:5      | Noticed a slave
  5091 | D:5      | Noticed a slave
  5508 | D:5      | Found a radiant altar of Vehumet.
  5510 | D:5      | Noticed an ice beast
  5780 | D:5      | Noticed Grinder
  5908 | D:5      | Noticed Pikel
  5919 | D:5      | Noticed a slave
  5945 | D:5      | Killed Pikel
  5945 | D:5      | Reached skill level 6 in Long Blades
  5945 | D:5      | Reached skill level 5 in Shields
  5945 | D:5      | Your scales start taking on a fiery red colour.
  5945 | D:5      | Reached XP level 7. HP: 24/57 MP: 7/7
  5945 | D:5      | Gained mutation: Your flesh is heat resistant. (rF+) [Red
                  | Draconian growth]
  6446 | D:5      | Paralysed by Grinder for 5 turns
  6462 | D:5      | HP: 2/57 [ice beast (11)]
  6463 | D:5      | Killed from afar by Grinder

Levels and vault maps discovered:
D:1:      dpeg_arrival_houses_and_road, layout_loops_ring
D:2:      cheibrodos_old_hovel, layout_rooms, cheibriados_altar_1, first_ration
D:3:      layout_rooms, lemuel_doored_altar, uniq_crazy_yiuf_cottage,
          uniq_jessica, uniq_sigmund
D:4:      layout_cave_pools, gammafunk_temple_overflow_claw,
          minmay_temple_entry_mist, serial_forest, infiniplex_forest_end_2,
          infiniplex_forest_zigzag_1, infiniplex_forest_clump_tiny,
          infiniplex_forest_clump_long, infiniplex_forest_clump_curved,
          infiniplex_forest_straight_2, infiniplex_forest_clump_cross
D:5:      layout_basic, lemuel_crystal_altar, uniq_grinder, uniq_pikel
Temple:   jpeg_temple_clearing

Skill      XL: |  1  2  3  4  5  6 |
---------------+-------------------+-----
Dodging        | 3 4 |  4.9
Long Blades    | 3 4 5 6 |  6.7
Shields        | 4 5 |  5.3
Fighting       | |  3.2

Action                   |  1- 3 |  4- 6 |  7- 9 || total
-------------------------+-------+-------+-------++-------
Melee: Long sword        |   122 |   244 |    13 ||   379
       Tailslap          |    16 |    36 |     3 ||    55
Invok: Potion Petition   |       |     1 |       ||     1
  Use: Potion            |       |       |     1 ||     1
 Stab: Sleeping          |     2 |       |       ||     2
  Eat: Chunk             |     3 |     8 |       ||    11
       Ration            |       |     2 |       ||     2
Armor: Skin              |    40 |    90 |     1 ||   131
Dodge: Dodged            |    74 |   123 |     8 ||   205
Block: Shield            |    77 |   124 |     4 ||   205
       Rpst.: Long sword |    26 |    47 |     3 ||    76
